 Dungeon Crawl Stone Soup version 0.24-a0-615-g751f86b5a9 (webtiles) character file.

Game seed: 14296877313656127118, levelgen mode: deterministic

54 E1999 the Shield-Bearer (level 3, 0/31 HPs)
             Began as a Minotaur Fighter on Sept 13, 2019.
             Slain by an adder (3 damage)
             ... on level 2 of the Dungeon.
             The game lasted 00:01:28 (733 turns).

E1999 the Shield-Bearer (Minotaur Fighter)           Turns: 733, Time: 00:01:28

Health: 0/31       AC:  7    Str: 20    XL:     3   Next: 66%
Magic:  2/2        EV:  4    Int:  5    God:
Gold:   21         SH:  9    Dex: 10    Spells: 2/2 levels left

rFire    . . .     SeeInvis .   a - +0 trident
rCold    . . .     Gourm    .   c - +0 shield
rNeg     . . .     Faith    .   b - +0 scale mail
rPois    .         Spirit   .   (helmet restricted)
rElec    .         Reflect  .   (no cloak)
rCorr    +         Harm     .   (no gloves)
MR       +....                  (no boots)
Stlth    ..........             (no amulet)
HPRegen  0.10/turn              i - ring of protection from magic
MPRegen  0.08/turn              j - ring of resist corrosion

@: constricted
A: retaliatory headbutt, horns 2
a: no special abilities


You were on level 2 of the Dungeon.
You were not hungry.

You visited 1 branch of the dungeon, and saw 2 of its levels.

You collected 21 gold pieces.

Inventory:

Hand Weapons
 a - a +0 trident (weapon)
Armour
 b - a +0 scale mail (worn)
 c - a +0 shield (worn)
 l - a cursed +0 buckler
Jewellery
 i - a ring of protection from magic (left hand)
 j - a ring of resist corrosion (right hand)
Scrolls
 e - 2 scrolls of fear {unknown}
 k - a scroll of identify {unknown}
Potions
 d - a potion of might
 g - a potion of mutation {unknown}
 h - a potion of brilliance {unknown}
 m - a potion of lignification {unknown}
 n - a potion of curing {unknown}
Comestibles
 f - 2 rations


   Skills:
 - Level 3.6 Fighting
 + Level 3.4 Polearms
 + Level 4.4 Armour
 + Level 4.4 Shields


You had 2 spell levels left.
You didn't know any spells.
Your spell library was empty.

Dungeon Overview and Level Annotations

Branches:
Dungeon (2/15)

Altars:


Innate Abilities, Weirdness & Mutations

You reflexively headbutt those who attack you in melee.
You have a pair of horns on your head.


Message History

Your shield prevents you from hitting the adder.
The adder is lightly wounded.
The ball python bites you but does no damage.
The ball python constricts you. You block the adder's attack.
The ball python bites you.
* * * LOW HITPOINT WARNING * * *
The ball python constricts you.
Okay, then.
You closely miss the adder.
The adder is lightly wounded.
The adder bites you but does no damage. You block the ball python's attack.
The ball python constricts you.
A jackal comes into view.
The adder bites you but does no damage.
Your shield and scale mail prevent you from hitting the adder.
The adder is lightly wounded.
The jackal barks!
You block the ball python's attack. The ball python constricts you.
The adder bites you.
You die...

..# #.
..###.
..#.$
#.#.#
#...
#..
###S#
#gS@#
#.h###
#. h.
.. #.
#


You could see an adder, 2 jackals, a hobgoblin and a ball python.

Vanquished Creatures
  Robin (D:2)
  A gnoll (D:1)
  A dart slug (D:1)
  4 bats (D:1)
  2 giant cockroaches
  2 hobgoblins
  3 kobolds
  A frilled lizard (D:1)
  13 goblins
  A rat (D:2)
29 creatures vanquished.

Notes
Turn   | Place    | Note
-------+----------+-------------------------------------------
     0 | D:1      | E1999 the Minotaur Fighter began the quest for the Orb.
     0 | D:1      | Reached XP level 1. HP: 19/19 MP: 0/0
   253 | D:1      | Reached XP level 2. HP: 26/26 MP: 1/1
   343 | D:1      | Reached skill level 4 in Armour
   412 | D:1      | Reached skill level 3 in Polearms
   412 | D:1      | Reached skill level 4 in Shields
   687 | D:2      | Noticed Robin
   696 | D:2      | Reached XP level 3. HP: 25/31 MP: 2/2
   719 | D:2      | Killed Robin
   731 | D:2      | HP: 3/31 [ball python (1)]
   733 | D:2      | Slain by an adder

Levels and vault maps discovered:
D:1:      lightli_arrival_lavapool, layout_loops_ring
D:2:      layout_rooms, lemuel_coloured_pillars_altar, first_ration,
          dk_noncrumbling_2, uniq_robin, uniq_natasha

Skill      XL: |  1  2 |
---------------+-------+-----
Armour         | 4 |  4.4
Polearms       | 3 |  3.4
Shields        | 4 |  4.4
Fighting       | |  3.6

Action                   || total
-------------------------++-------
Melee: Trident           ||    93
       Headbutt          ||     8
Armor: Scale mail        ||    41
Dodge: Dodged            ||    20
Block: Shield            ||    61

Table legend:
 A = Non-vault XP
 B = Vault XP
 C = Vault XP percentage of total XP
 D = Non-vault monster count
 E = Vault monster count
 F = Vault count percentage of total count
                 A         B        C        D         E       F
            +---------+---------+-------+---------+---------+-------
      Total |      42 |      36 |  46.2 |      17 |      12 |  41.4
            +---------+---------+-------+---------+---------+-------
        D:1 |      37 |       0 |   0.0 |      14 |       0 |   0.0
        D:2 |       5 |      36 |  87.8 |       3 |      12 |  80.0
            +---------+---------+-------+---------+---------+-------
